 Dungeon Crawl Stone Soup version 0.30-a0-996-ga6910c8ee8 (webtiles) character file.

Game seed: 713204558441553194

5418 Zeldest the Trooper (level 10, -20/64 HPs)
             Began as a Vampire Monk on Apr 4, 2023.
             Was a Priest of Makhleb.
             Demolished by a komodo dragon (21 damage)
             ... on level 1 of the Lair of Beasts.
             The game lasted 00:34:19 (7382 turns).

Zeldest the Trooper (Vampire Monk)                  Turns: 7382, Time: 00:34:20

Health: -20/64     AC:  0    Str: 10    XL:     10   Next: 40%
Magic:  14/14      EV: 25    Int: 16    God:    Makhleb [***...]
Gold:   109        SH:  0    Dex: 23    Spells: 10/10 levels left

rFire   . . .      SeeInvis +    d - melded +4 spear
rCold   + + .      Faith    .    (shield currently unavailable)
rNeg    + + +      Spirit   .    a - melded +0 robe
rPois   ∞          Reflect  .    (helmet currently unavailable)
rElec   .          Rampage  .    (cloak currently unavailable)
rCorr   .                        (gloves currently unavailable)
Will    +....                    (boots currently unavailable)
Stlth   +++++                    (no amulet)
HPRegen 0.00/turn                (ring currently unavailable)
MPRegen 0.14/turn                (ring currently unavailable)

@: bat-form, flying, bloodless, inhibited regen, very quick
A: fast, flying, no casting, tiny, bloodless, fangs 3, see invisible, vampiric 2
a: Revivify, End Transformation, Renounce Religion, Minor Destruction, Lesser
Servant of Makhleb


You were on level 1 of the Lair of Beasts.
You worshipped Makhleb.
Makhleb was most pleased with you.
You were a vampire bat.
You visited 3 branches of the dungeon, and saw 11 of its levels.
You also visited: Bailey.

You collected 384 gold pieces.
You spent 275 gold pieces at shops.

Inventory:

Hand Weapons
 d - a +4 spear (melded)
Armour
 a - a +0 robe (melded)
Jewellery
 i - a ring of flight
 v - a ring of protection from cold
 w - a ring of ice
Wands
 s - a wand of polymorph (7)
 u - a wand of mindburst (11)
 x - a wand of flame (17)
 y - a wand of paralysis (4)
Scrolls
 c - 2 scrolls of vulnerability
 e - a scroll of amnesia
 g - 2 scrolls of enchant armour
 h - a scroll of blinking
 j - a scroll of magic mapping
 l - 3 scrolls of teleportation
 n - 4 scrolls of fog {unknown}
 q - a scroll of enchant weapon
 r - a scroll of fear
 t - a scroll of immolation {unknown}
 B - a scroll of butterflies {unknown}
Potions
 b - 2 potions of ambrosia
 f - 3 potions of curing
 k - 2 potions of heal wounds
 m - 2 potions of invisibility
 o - a potion of mutation
 p - 2 potions of magic {unknown}
 z - 2 potions of haste {unknown}
 C - a potion of might
Miscellaneous
 A - a box of beasts (inert)
 D - a phial of floods


   Skills:
 + Level 7.8 Fighting
 + Level 6.3 Dodging
 - Level 4.0 Stealth
 + Level 4.8 Unarmed Combat
 - Level 0.9 Spellcasting
 - Level 2.1 Hexes
 - Level 6.9 Necromancy
 - Level 6.2 Earth Magic
 + Level 6.5 Invocations
 - Level 0.5 Evocations


You had 10 spell levels left.
You didn't know any spells.
Your spell library contained the following spells:

 Spells                   Type           Power      Damage    Failure   Level
 Necrotise                Necr           88%        1d8       1%          1
 Vampiric Draining        Necr           22%        2d7       4%          3
 Freeze                   Ice            0%         1d3       24%         1
 Tukima's Dance           Hex            7%         N/A       28%         3
 Agony                    Necr           22%        N/A       36%         5
 Inner Flame              Hex/Fire       4%         N/A       41%         3
 Portal Projectile        Hex/Tloc       8%         N/A       41%         3
 Borgnjor's Vile Clutch   Necr/Erth      10%        N/A       41%         5
 Frozen Ramparts          Ice            0%         1d1       56%         3
 Hailstorm                Conj/Ice       0%         3d3       56%         3
 Cause Fear               Hex            3%         N/A       67%         4
 Alistair's Intoxication  Tmut/Pois      0%         N/A       100%        5
 Blade Hands              Tmut           0%         N/A       100%        5
 Eringya's Noxious Bog    Tmut/Pois      0%         N/A       100%        6
 Discord                  Hex            3%         N/A       100%        8
 Chain Lightning          Conj/Air       0%         N/A       100%        9
 Fire Storm               Conj/Fire      0%         5d1       100%        9
 Shatter                  Erth           10%        3d11*     100%        9


Dungeon Overview and Level Annotations

Branches:
Dungeon (9/15) Zot: 26398  Temple (1/1) D:6 Zot: 5949    Lair (1/5) D:9 Zot: 5899
 Bailey (visited)
    Orc: D:9-12

Altars:
Ashenzari
Cheibriados
Dithmenos
Fedhas
Gozag
Kikubaaqudgha
Makhleb
Okawaru
Qazlal
Ru
Sif Muna
Trog
Uskayaw
Wu Jian
Yredelemnul

Shops:
D:6 [(?[   D:7 *   D:9 *(

Annotations:
D:2 exclusion: worm
D:3 2 runed translucent doors, Newt's ghost, amateur KoHu
D:4 Edmund; Robin


Innate Abilities, Weirdness & Mutations

You are a vampire bat.
You are tiny and dextrous.
You move quickly.
You are flying.
You are immune to poison.
Your equipment is almost entirely melded.
You are incapable of wielding weapons or throwing items.
You cannot cast spells.
You do not regenerate when monsters are visible.
You are frail without blood (-20% HP).
You can heal yourself when you bite living creatures.
You are immune to poison.
You have razor-sharp teeth.
You have supernaturally acute eyesight. (SInv)
You are afflicted with vampirism and can become a bat while bloodless.


Message History

Press: ? - help, Q - select action, (/) - cycle Shift-Dir - straight line, f - black mamba
Aim: a black mamba The zap hits the black mamba.
The black mamba is lightly wounded.
Aiming: Minor Destruction (1% risk of failure)
Press: ? - help, Q - select action, (/) - cycle Shift-Dir - straight line, f/p - black mamba
Aim: a black mamba (lightly wounded)
The puff of flame misses the black mamba.
The black mamba misses you. The black mamba bites you!
* * * LOW HITPOINT WARNING * * *
Aiming: Minor Destruction (1% risk of failure)
Press: ? - help, Q - select action, (/) - cycle Shift-Dir - straight line, f/p - black mamba
Aim: a black mamba (lightly wounded)
The black mamba struggles to resist.
The black mamba barely misses you. The black mamba misses you.
Aiming: Minor Destruction (1% risk of failure)
Press: ? - help, Q - select action, (/) - cycle Shift-Dir - straight line, f/p - black mamba
Aim: a black mamba (lightly wounded)
The black mamba writhes in agony.
The black mamba closely misses you.
Aiming: Minor Destruction (1% risk of failure)
Press: ? - help, Q - select action, (/) - cycle Shift-Dir - straight line, f/p - black mamba
Aim: a black mamba (moderately wounded)
The stone arrow hits the black mamba.
The black mamba is moderately wounded.
The black mamba completely misses you. The black mamba bites you!
* * * LOW HITPOINT WARNING * * *
Aiming: Minor Destruction (1% risk of failure)
Press: ? - help, Q - select action, (/) - cycle Shift-Dir - straight line, f/p - black mamba
Aim: a black mamba (moderately wounded)
The zap hits the black mamba.
The black mamba is heavily wounded.
The black mamba barely misses you. The black mamba misses you.
The komodo dragon closely misses you.
Aiming: Minor Destruction (1% risk of failure)
Press: ? - help, Q - select action, (/) - cycle Shift-Dir - straight line, f/p - black mamba
Aim: a black mamba (heavily wounded)
The stone arrow misses the black mamba.
The black mamba barely misses you. The komodo dragon bites you!!
You die...

..###.#
##.#.[.### #
#........#.#
###...........
#............#
#.............
#.............
#.....<.......
#....b........
#.....Sl.......
#...............
#...............
P.............##
.............##
.##........###
##P.....P.


You could see a komodo dragon and a black mamba.

Vanquished Creatures
  A vault guard (Bailey)
  An orange crystal statue (D:9)
  Joseph (D:7)
  Psyche (D:8)
  A blink frog (Bailey)
  5 yaks (D:9)
  6 humans (Bailey)
  A wyvern (D:9)
  A steam dragon (D:9)
  A sky beast (D:7)
  A black bear (D:6)
  10 bullfrogs
  A scorpion (D:6)
  4 wights (D:7)
  4 killer bees (D:7)
  A howler monkey (D:7)
  4 orc priests
  Jessica (D:2)
  An iguana (D:5)
  3 orc wizards
  3 gnolls (Bailey)
  7 adders
  2 shadow imps (D:7)
  A dart slug (D:2)
  23 orcs
  5 endoplasms
  4 giant cockroaches
  17 goblins
  9 hobgoblins
  3 jackals (D:2)
  3 quokkas
  3 ball pythons
  7 bats
  8 frilled lizards
  8 kobolds
  8 rats
160 creatures vanquished.

Notes
Turn   | Place    | Note
-------+----------+-------------------------------------------
     0 | D:1      | Zeldest the Vampire Monk began the quest for the Orb.
     0 | D:1      | Reached XP level 1. HP: 17/17 MP: 1/1
   116 | D:1      | Reached XP level 2. HP: 23/23 MP: 2/2
   171 | D:1      | Reached skill level 3 in Fighting
   507 | D:2      | Gained mutation: You are afflicted with vampirism and can
                  | become a bat while bloodless. [Vampire growth]
   507 | D:2      | Reached XP level 3. HP: 29/29 MP: 3/3
   693 | D:2      | HP: 1/23 [adder (4)]
   809 | D:2      | Found an opulent altar of Gozag.
  1101 | D:2      | Reached XP level 4. HP: 25/28 MP: 4/4
  1238 | D:2      | Noticed Jessica
  1248 | D:2      | Killed Jessica
  1249 | D:2      | Reached skill level 1 in Necromancy
  1249 | D:2      | Reached skill level 1 in Earth Magic
  1309 | D:3      | Noticed Newt's ghost (amateur KoHu)
  1309 | D:3      | Found a large runed translucent door.
  1309 | D:3      | Found a large runed translucent door.
  1624 | D:3      | Noticed an ogre
  1826 | D:4      | Noticed Robin
  1983 | D:5      | Entered Level 5 of the Dungeon
  2024 | D:4      | Noticed Edmund
  2164 | D:3      | Reached XP level 5. HP: 11/32 MP: 6/6
  2295 | D:3      | Identified the +5 sling of the Unseen Realm {drain, Int+4}
  3340 | D:5      | Reached skill level 1 in Hexes
  3733 | D:5      | You are sucked into a shaft and drop 1 floor!
  3750 | D:6      | Identified the +1 pair of boots of Eretitwu {rC+ SInv}
  3755 | D:6      | Found a staircase to the Ecumenical Temple.
  3764 | Temple   | Entered the Ecumenical Temple
  3825 | Temple   | Became a worshipper of Makhleb the Destroyer
  3825 | Temple   | Reached * piety under Makhleb
  3825 | Temple   | Reached ** piety under Makhleb
  3898 | D:6      | Found Omunn's Antique Armour Boutique.
  3942 | D:6      | Found Adiwaedisk's Magic Scroll Boutique.
  3946 | D:6      | Bought a scroll of blinking for 97 gold pieces
  3946 | D:6      | Bought a scroll of blinking for 97 gold pieces
  3946 | D:6      | Bought a scroll of teleportation for 39 gold pieces
  3948 | D:6      | Found Oxzuiloa's Antique Armour Boutique.
  3974 | D:6      | Noticed a black bear
  3983 | D:6      | Killed a black bear
  3984 | D:6      | Reached skill level 4 in Fighting
  3984 | D:6      | Reached XP level 6. HP: 38/38 MP: 7/7
  3989 | D:6      | Found Idwug's Weapon Shop.
  4354 | D:6      | Reached skill level 1 in Invocations
  4385 | D:6      | Found a sacrificial altar of Ru.
  4533 | D:7      | Reached XP level 7. HP: 21/44 MP: 8/8
  4613 | D:7      | Found Deshruk's Island Escapes.
  4619 | D:7      | Bought a scroll of teleportation for 42 gold pieces
  4756 | D:7      | Found a flagged portal.
  4767 | Bailey   | Entered a bailey
  4770 | Bailey   | Noticed a human
  4770 | Bailey   | Noticed a human
  4771 | Bailey   | Noticed a human
  4778 | Bailey   | Noticed a human
  4781 | Bailey   | Noticed a human
  4787 | Bailey   | HP: 1/44 [hobgoblin/+0 hand axe (6)]
  4801 | Bailey   | Killed a human
  4802 | Bailey   | Reached skill level 5 in Fighting
  4807 | Bailey   | Killed a human
  4808 | Bailey   | Reached XP level 8. HP: 33/49 MP: 8/10
  4822 | Bailey   | Reached skill level 5 in Necromancy
  4831 | Bailey   | Reached skill level 5 in Earth Magic
  4920 | Bailey   | Reached skill level 6 in Fighting
  4991 | Bailey   | Noticed a blink frog
  5059 | Bailey   | Reached XP level 9. HP: 51/55 MP: 12/12
  5090 | Bailey   | Noticed a vault guard
  5144 | Bailey   | Killed a vault guard
  5145 | Bailey   | Reached skill level 5 in Invocations
  5204 | Bailey   | Noticed a vault guard
  5508 | Bailey   | Learned a level 5 spell: Borgnjor's Vile Clutch
  6060 | D:7      | Reached *** piety under Makhleb
  6175 | D:7      | Found a hide-covered altar of Uskayaw.
  6180 | D:7      | Found a basalt altar of Yredelemnul.
  6180 | D:7      | Found an opulent altar of Gozag.
  6193 | D:7      | Found a snail-covered altar of Cheibriados.
  6196 | D:7      | Found a shadowy altar of Dithmenos.
  6272 | D:7      | Noticed Joseph
  6286 | D:7      | Killed Joseph
  6287 | D:7      | Reached skill level 7 in Fighting
  6401 | D:7      | Reached skill level 5 in Dodging
  6525 | D:8      | Noticed Psyche
  6543 | D:8      | Killed Psyche
  6656 | D:9      | Noticed a two-headed ogre
  6671 | D:9      | Reached XP level 10. HP: 40/63 MP: 14/14
  6770 | D:9      | Found Izuym's Fire Supplies.
  6966 | D:9      | Found Xaren's Antique Weapon Shoppe.
  7197 | D:9      | Noticed a two-headed ogre
  7209 | D:9      | Noticed an orange crystal statue
  7223 | D:9      | Killed an orange crystal statue
  7269 | D:9      | HP: 2/64 [troll (2)]
  7273 | D:9      | Found a staircase to the Lair.
  7282 | Lair:1   | Entered Level 1 of the Lair of Beasts
  7373 | Lair:1   | Noticed a black mamba
  7380 | Lair:1   | HP: 3/64 [black mamba (12)]
  7382 | Lair:1   | Demolished by a komodo dragon

Illustrated notes

Levels and vault maps discovered:
D:1:      sevenhm_arrival_forest_fort_small_4, layout_rooms, serial_curves,
          eino_curves_01, eino_curves_01
D:2:      layout_basic, basic_altar, kennysheep_generic_room_8, uniq_jessica
D:3:      kennysheep_big_flooded_room, layout_rooms,
          ebering_ghost_disaster_area, kennysheep_orc_chapel
D:4:      layout_loops_ring, uniq_edmund, uniq_robin
D:5:      layout_basic, gammafunk_temple_overflow_statue,
          hangedman_decor_growths, hangedman_decor_peaks_small,
          uniq_prince_ribbit1, uniq_sigmund
D:6:      layout_loops_ring, mainiacjoe_overflow_alcove_1,
          minmay_temple_entry_gardened_gates, serial_shops,
          nicolae_shop_statue_plus, shop_statue, shop, shop
D:7:      layout_rooms, minmay_overflow_temple_star_hex, enter_bailey_2,
          nicolae_island_escapes, uniq_joseph
D:8:      layout_basic, uniq_psyche, uniq_maggie
D:9:      layout_irregular_city, fiery_altar_vehumet, lair_entry_dummy,
          david_orc_3, serial_shops, nicolae_take_the_stairs, shop,
          nicolae_shop_fire_sale [nicolae_sub_dead_trees], minivault_15
Temple:   minmay_temple_bridge_abc
Lair:1:   layout_cave_pods, uniq_fannar

Skill      XL: |  1  2  3  4  5  6  7  8  9 10 |
---------------+-------------------------------+-----
Fighting       | 3 4 5 6 7 |  7.8
Stealth        | 4 |  4.0
Dodging        | 4 5 6 |  6.3
Necromancy     | 1 2 3 4 6 |  6.9
Earth Magic    | 1 2 3 4 5 6 |  6.2
Hexes          | 2 |  2.1
Invocations    | 1 3 4 5 6 |  6.5
Unarmed Combat | 4 |  4.8
Spellcasting   | |  0.9
Evocations     | |  0.5

Action                     |  1- 3 |  4- 6 |  7- 9 | 10-12 || total
---------------------------+-------+-------+-------+-------++-------
  Melee: Unarmed           |   106 |   273 |    21 |       ||   400
         Spear             |    63 |       |       |       ||    63
         Bite              |    16 |    43 |     5 |       ||    64
 Invoke: Minor Destruction |       |    14 |   121 |    81 ||   216
Ability: Bat Form          |     1 |       |       |       ||     1
         Exsanguinate      |     1 |       |       |       ||     1
  Evoke: Wand              |       |    10 |    36 |       ||    46
         Box of beasts     |       |       |       |     1 ||     1
    Use: Scroll            |       |    10 |     8 |       ||    18
         Potion            |       |       |     4 |       ||     4
   Stab: Sleeping          |    16 |     7 |       |       ||    23
         Distracted        |     2 |     1 |       |       ||     3
         Paralysed         |       |     8 |       |       ||     8
 Armour: Robe              |    11 |       |       |       ||    11
  Dodge: Dodged            |   121 |   251 |    74 |    57 ||   503

Table legend: (Time is in decaauts)
 A = Elapsed time spent in this place.
 B = Non-inter-level travel time spent in this place.
 C = Inter-level travel time spent in this place.
 D = Time resting spent in this place.
 E = Time spent auto-exploring this place.
 F = Levels seen in this place.
 G = Mean time per level.
                   A        B        C        D        E       F      G
               +--------+--------+--------+--------+--------+-----+--------+
         Total |   5874 |   5826 |     48 |   2190 |    886 |  12 |  489.5 |
       Dungeon |   4864 |   4816 |     48 |   1710 |    840 |   9 |  540.4 |
        Temple |     50 |     50 |      0 |      0 |     24 |   1 |   50.0 |
          Lair |     99 |     99 |      0 |     89 |      0 |   1 |   99.0 |
        Bailey |    859 |    859 |      0 |    391 |     21 |   1 |  859.0 |
               +--------+--------+--------+--------+--------+-----+--------+

Top non-repeatable levels by time:
  Bailey: 859 daAuts
     D:2: 788 daAuts
     D:4: 777 daAuts
     D:7: 776 daAuts
     D:3: 734 daAuts
     D:9: 601 daAuts
     D:1: 480 daAuts
     D:6: 439 daAuts
     D:5: 237 daAuts
  Lair:1: 99 daAuts
  Temple: 50 daAuts
     D:8: 27 daAuts
